 Dungeon Crawl Stone Soup version 0.25-a0-781-gc44aebf4fe (webtiles) character file.

Game seed: 13445268479472896473, levelgen mode: deterministic

140 15rune the Caller (level 5, -2/38 HPs)
             Began as a Barachi Summoner on Apr 16, 2020.
             Killed by divine providence
             ... invoked by an orc priest
              (15 damage)
             ... on level 2 of the Dungeon.
             The game lasted 00:15:05 (4978 turns).

15rune the Caller (Barachi Summoner)                Turns: 4978, Time: 00:15:05

Health: -2/38      AC:  2    Str:  6 (9)  XL:     5   Next: 23%
Magic:  1/9        EV: 12    Int: 15 (17) God:
Gold:   52         SH:  0    Dex: 10 (12) Spells: 4/10 levels left

rFire    . . .     SeeInvis .   h - +0 dagger
rCold    . . .     Gourm    .   (no shield)
rNeg     + . .     Faith    .   a - +0 robe
rPois    .         Spirit   .   (no helmet)
rElec    .         Reflect  .   (no cloak)
rCorr    .         Harm     .   (no gloves)
MR       .....                  (no boots)
Stlth    ++........             (no amulet)
HPRegen  0.12/turn              k - ring of positive energy
MPRegen  0.11/turn              (no ring)

@: can't hop, slow
A: +LOS, swims, slowness 1, strong legs 1
a: Hop


You were on level 2 of the Dungeon.
You were hungry.

You visited 1 branch of the dungeon, and saw 3 of its levels.

You collected 52 gold pieces.

Inventory:

Hand Weapons
 h - a +0 dagger (weapon)
Armour
 a - a +0 robe (worn)
 b - a +0 kite shield
Jewellery
 k - a ring of positive energy (left hand)
Wands
 n - a wand of acid (4)
Scrolls
 e - 3 scrolls of enchant armour
 f - a scroll of identify
 i - a scroll of enchant weapon {unknown}
 j - 4 scrolls of remove curse {unknown}
 l - a scroll of noise {unknown}
Potions
 d - a potion of cancellation {unknown}
 g - a potion of degeneration
 o - a potion of might {unknown}
Comestibles
 c - 5 rations


   Skills:
 - Level 2.0 Fighting
 + Level 1.4 Short Blades
 - Level 2.1 Dodging
 - Level 2.0 Stealth
 + Level 3.1 Spellcasting
 * Level 6.3 Summonings


You had 4 spell levels left.
You knew the following spells:

 Your Spells              Type           Power        Failure   Level  Hunger
a - Summon Small Mammal   Summ           ###.         1%          1    #......
b - Call Imp              Summ           ###.....     2%          2    ##.....
c - Call Canine Familiar  Summ           ###.....     4%          3    ###....

Your spell library contained the following spells:

 Spells                   Type           Power        Failure   Level  Hunger
 Summon Guardian Golem    Hex/Summ       ##......     16%         3    ###....
 Summon Ice Beast         Ice/Summ       ##......     47%         4    #####..
 Summon Lightning Spire   Summ/Air       ##......     47%         4    #####..


Dungeon Overview and Level Annotations

Branches:
Dungeon (3/15)

Altars:
Vehumet


Innate Abilities, Weirdness & Mutations

You can be seen from farther away. (+LOS)
You can swim through water.
You cover ground slowly.
You can hop short distances.


Message History

Your iron imp barely misses the orc priest.
Unknown command.
Unknown command.
Your iron imp disappears in a puff of smoke!
Your crimson imp blinks!
The orc priest calls down the wrath of Beogh upon you.
Beogh smites you!
* * * LOW HITPOINT WARNING * * *
Your crimson imp barely misses the orc priest.
It was a potion of degeneration.
There was something very wrong with that liquid.
You feel weakened.
You feel dopey.
You feel clumsy.
Your crimson imp barely misses the orc priest.
It was a potion of curing.
You feel better.
The orc priest looks satisfied for a moment.
Your crimson imp hits the orc priest.
Your crimson imp hits the orc priest but does no damage.
The orc priest mumbles some strange prayers to Beogh against you.
Beogh smites you!
You die...

.....#.##.##.......).##...#######
.......##'##.........##.....#####
รท...#................##.....#)...
.....................##.....#....
.####................##.....'....
.# ##...............##...#.#....
.# #...............##...#.#.... .#
#)..............##...#.#....
.#####..........@.#####..........
.+..##............# #..........
.##.##..<...#.....# ####.......
###.##........[.o.########.......
.............#.5....##...........
##.....#...#.#......##...........
#.....#.#.#.#......##....#+#####
#...........#...5..##....#.#####
##..........#####5####....#......


You could see an orc priest and 3 friendly crimson imps.

Vanquished Creatures
  2 dart slugs (D:3)
  3 orcs (D:3)
  4 goblins
  A hobgoblin (D:3)
  4 bats
  2 frilled lizards (D:2)
  6 kobolds
  6 rats
28 creatures vanquished.

Vanquished Creatures (collateral kills)
  2 orc priests
  A worker ant (D:3)
  5 adders
  3 worms
  3 dart slugs
  A leopard gecko (D:2)
  4 orcs
  2 giant cockroaches (D:2)
  5 goblins
  3 hobgoblins
  7 jackals
  4 kobolds
  A quokka (D:3)
  3 bats (D:1)
  2 frilled lizards
  2 rats
48 creatures vanquished.

Vanquished Creatures (others)
  A hobgoblin (D:1)
1 creature vanquished.

Grand Total: 77 creatures vanquished

Notes
Turn   | Place    | Note
-------+----------+-------------------------------------------
     0 | D:1      | 15rune the Barachi Summoner began the quest for the Orb.
     0 | D:1      | Reached XP level 1. HP: 13/13 MP: 3/3
   265 | D:1      | Reached skill level 5 in Summonings
   273 | D:1      | Reached XP level 2. HP: 7/20 MP: 1/5
   632 | D:1      | Learned a level 2 spell: Call Imp
  1040 | D:1      | Reached skill level 1 in Fighting
  1312 | D:2      | Found a radiant altar of Vehumet.
  1318 | D:2      | Reached XP level 3. HP: 19/26 MP: 0/6
  2070 | D:2      | Learned a level 3 spell: Call Canine Familiar
  2463 | D:2      | Reached XP level 4. HP: 33/33 MP: 2/8
  3503 | D:3      | Reached skill level 1 in Short Blades
  3503 | D:3      | Reached skill level 6 in Summonings
  4083 | D:3      | Reached XP level 5. HP: 17/38 MP: 1/9
  4978 | D:2      | Killed from afar by an orc priest

Levels and vault maps discovered:
D:1:      shiori_arrival_oz, layout_basic
D:2:      layout_basic, vehumet_crystals
D:3:      minmay_bubble_buster, layout_basic, lemuel_round_altar, serial_glass,
          glass_columns_a, glass_columns_a, item_on_display_a,
          minmay_strange_pillars, item_on_display_a, first_ration,
          gammafunk_ghost_mausoleum, minmay_randomly_rotated_circles

Skill      XL: |  1  2  3  4 |
---------------+-------------+-----
Summonings     | 5 6 |  6.3
Stealth        | 2 |  2.0
Fighting       | 1 2 |  2.0
Short Blades   | 1 |  1.4
Spellcasting   | 3 |  3.1
Dodging        | |  2.1

Action                   |  1- 3 |  4- 6 || total
-------------------------+-------+-------++-------
Melee: Short sword       |     6 |       ||     6
       Club              |     1 |       ||     1
       Dagger            |    70 |   113 ||   183
 Cast: Summon Small Mamm |    32 |     4 ||    36
       Call Imp          |    14 |    23 ||    37
       Call Canine Famil |       |     1 ||     1
 Abil: Hop               |     4 |     6 ||    10
  Use: Scroll            |     2 |     1 ||     3
       Potion            |       |     2 ||     2
 Stab: Sleeping          |     2 |       ||     2
       Distracted        |       |     1 ||     1
  Eat: Chunk             |     6 |     6 ||    12
       Ration            |       |     1 ||     1
Armor: Robe              |    44 |    14 ||    58
Dodge: Dodged            |   112 |    81 ||   193

Table legend:
 A = Non-vault XP
 B = Vault XP
 C = Vault XP percentage of total XP
 D = Non-vault monster count
 E = Vault monster count
 F = Vault count percentage of total count
                 A         B        C        D         E       F
            +---------+---------+-------+---------+---------+-------
      Total |     164 |      37 |  18.4 |      62 |      14 |  18.4
            +---------+---------+-------+---------+---------+-------
        D:1 |      22 |       2 |   8.3 |      20 |       2 |   9.1
        D:2 |      85 |       0 |   0.0 |      29 |       0 |   0.0
        D:3 |      57 |      35 |  38.0 |      13 |      12 |  48.0
            +---------+---------+-------+---------+---------+-------
